AoeStats
← TBOMazatzi

Arabia

507143743Analyzed
3v3 RM · 15d ago on Sep 16, 2026· 56m 27s· 6 players
Game mode
Random Map
Map size
Normal (6 player)
Population
200
Speed
Normal
Resources
Standard
Victory
Conquest
Starting age
Dark Age
Ending age
Imperial Age
RankedLock teamsTeams togetherTeam positionsShared explorationLock speedFull tech treeHidden civsTurbo modeCheats
Victory
Defeat
🇫🇷 Britons · France
1459
+18
🇦🇷 Magyars · Argentina
1439
+19
🇦🇷 Portuguese · Argentina
1387
+20
🇲🇽 Ethiopians · Mexico
1501
-19
🇲🇽 Magyars · Mexico
1495
-19
🇲🇽 Britons · Mexico
1495
-19
InaHolmes
7:57 Loom
10:18 Feudal Age
11:00 Double-Bit Axe
17:09 Fletching
20:00 Padded Archer Armor
22:44 Gold Mining
23:29 Horse Collar
26:26 Castle Age
26:30 Crossbowman
27:06 Bodkin Arrow
28:11 Thumb Ring
30:51 Bow Saw
30:55 Forging
32:22 Leather Archer Armor
34:06 Ballistics
44:50 Wheelbarrow
44:31 Heavy Plow
47:21 Imperial Age
45:17 Stone Mining
45:11 Treadmill Crane
48:21 Stone Shaft Mining
49:07 Bracer
50:08 Chemistry
49:29 Hand Cart
49:56 Conscription
51:34 Ring Archer Armor
54:06 Town Watch
[TETU] tachou
6:29 Loom
6:36 Loom
9:13 Feudal Age
9:47 Double-Bit Axe
16:54 Fletching
20:07 Padded Archer Armor
23:40 Castle Age
22:11 Horse Collar
24:30 Bodkin Arrow
23:55 Crossbowman
26:12 Ballistics
30:43 Leather Archer Armor
36:53 Wheelbarrow
42:54 Imperial Age
43:39 Bracer
43:00 Arbalester
45:26 Chemistry
49:37 Ring Archer Armor
51:46 Scale Mail Armor
51:08 Pikeman
51:49 Squires
52:42 Chain Mail Armor
54:09 Plate Mail Armor
53:54 Forging
54:59 Halberdier
BautiCrepeer
5:53 Loom
8:47 Feudal Age
9:55 Double-Bit Axe
16:26 Scale Barding Armor
20:41 Bloodlines
24:22 Castle Age
23:32 Horse Collar
24:28 Wheelbarrow
25:27 Chain Barding Armor
26:09 Gold Mining
29:50 Husbandry
33:22 Gold Shaft Mining
36:12 Heavy Plow
38:04 Bow Saw
39:06 Hand Cart
38:50 Stone Mining
43:35 Imperial Age
43:41 Cavalier
45:13 Conscription
45:58 Plate Barding Armor
46:38 Town Watch
49:00 Paladin
50:21 Fletching
51:09 Light Cavalry
51:54 Corvinian Army
51:18 Elite Magyar Huszar
52:41 Corvinian Army
UrielMazatzi
4:10 Loom
6:16 Loom
8:37 Feudal Age
9:25 Double-Bit Axe
17:15 Scale Barding Armor
21:27 Castle Age
20:08 Bloodlines
19:50 Horse Collar
22:37 Chain Barding Armor
22:50 Bow Saw
33:17 Heavy Plow
33:59 Wheelbarrow
33:10 Town Watch
45:24 Imperial Age
44:12 Light Cavalry
45:32 Cavalier
46:52 Plate Barding Armor
47:48 Gold Mining
48:41 Conscription
50:00 Hussar
50:08 Hussar
50:12 Paladin
53:48 Herbal Medicine
TBOMazatzi
6:26 Loom
9:02 Feudal Age
9:35 Double-Bit Axe
12:48 Fletching
15:52 Town Watch
18:17 Padded Archer Armor
23:37 Castle Age
23:53 Crossbowman
24:45 Bodkin Arrow
25:52 Bow Saw
28:30 Ballistics
32:38 Leather Archer Armor
32:52 Elite Skirmisher
41:45 Horse Collar
TBO Comico
6:13 Loom
8:54 Feudal Age
11:33 Fletching
14:23 Double-Bit Axe
24:20 Castle Age
23:31 Padded Archer Armor
24:22 Crossbowman
25:27 Bodkin Arrow
29:14 Gold Mining
30:42 Bow Saw
32:26 Thumb Ring
32:55 Town Watch
33:45 Wheelbarrow
34:15 Leather Archer Armor
38:20 Ballistics
38:31 Horse Collar
44:07 Imperial Age
44:09 Town Patrol
44:24 Hand Cart
44:09 Arbalester
44:53 Bracer
45:55 Chemistry
46:00 Ring Archer Armor
52:39 Royal Heirs
52:20 Halberdier
52:46 Arson
53:01 Squires
53:13 Forging
53:03 Scale Mail Armor
53:40 Conscription
54:58 Iron Casting
55:51 Chain Mail Armor
Connection lost

Rejoining the realm…

Still unreachable

The connection could not be restored.

Session expired

The server has moved on; the page needs a fresh start.